 Dungeon Crawl Stone Soup version 0.26-a0-611-g354ed81 (webtiles) character file.

Game seed: 11455424367756322795

179 B1Gdaddy5 the Skirmisher (level 5, -3/48 HPs)
             Began as a Minotaur Abyssal Knight on Sept 5, 2020.
             Was a Priest of Lugonu.
             Slain by a gnoll
             ... wielding a +0 flail
              (10 damage)
             ... on level 3 of the Dungeon.
             The game lasted 00:19:36 (2377 turns).

B1Gdaddy5 the Skirmisher (Minotaur Abyssal Knight)  Turns: 2377, Time: 00:19:36

Health: -3/48      AC:  5    Str: 18    XL:     5   Next: 33%
Magic:  5/5        EV: 11    Int:  9    God:    Lugonu [***...]
Gold:   157        SH:  0    Dex:  9    Spells: 4/4 levels left

rFire    . . .     SeeInvis .   (no weapon)
rCold    . . .     Faith    +   (no shield)
rNeg     . . .     Spirit   .   e - +0 ring mail
rPois    +         Reflect  .   (helmet restricted)
rElec    .         Harm     .   (no cloak)
rCorr    .                      (no gloves)
MR       .....                  (no boots)
Stlth    +.........             q - amulet of faith
HPRegen  0.16/turn              l - ring of poison resistance
MPRegen  0.09/turn              (no ring)

@: no status effects
A: retaliatory headbutt, horns 2
a: Depart the Abyss, Bend Space, Banish, Renounce Religion


You were on level 3 of the Dungeon.
You worshipped Lugonu.
Lugonu was most pleased with you.
You visited 1 branch of the dungeon, and saw 3 of its levels.
You visited the Abyss 1 time.

You collected 157 gold pieces.

Inventory:

Armour
 b - a +0 leather armour
 e - a +0 ring mail (worn)
 w - a -1 chain mail
Jewellery
 l - a ring of poison resistance (left hand)
 q - an amulet of faith (around neck)
Wands
 r - a wand of polymorph (11)
Scrolls
 k - a scroll of magic mapping
Potions
 g - 2 potions of curing
 i - a potion of stabbing {unknown}
 m - a potion of resistance {unknown}
 o - a potion of mutation
 t - a potion of berserk rage
 u - a potion of heal wounds
 v - a potion of degeneration {unknown}


   Skills:
 + Level 5.3 Fighting
   Level 4.6 Long Blades
 + Level 3.1 Armour
 + Level 1.7 Dodging
 + Level 0.4 Stealth
 + Level 0.1 Unarmed Combat
 + Level 1.9 Invocations


You had 4 spell levels left.
You didn't know any spells.
Your spell library was empty.

Dungeon Overview and Level Annotations

Branches:
Dungeon (3/15)

Altars:


Innate Abilities, Weirdness & Mutations

You reflexively headbutt those who attack you in melee.
You have a pair of horns on your head.


Message History

You hit the gnoll but do no damage.
The gnoll is heavily wounded.
The gnoll closely misses you.
You hit the gnoll but do no damage.
The gnoll is heavily wounded.
The gnoll barely misses you. You furiously retaliate!
You headbutt the gnoll. You hit the gnoll but do no damage.
You headbutt the gnoll.
The gnoll is severely wounded.
Your ring mail prevents you from hitting the gnoll.
Your headbutt misses the gnoll. The gnoll hits you with a +0 flail!
* * * LOW HITPOINT WARNING * * *
The gnoll barely misses you.
You hit the gnoll.
The gnoll is moderately wounded.
The gnoll closely misses you. x2; You furiously retaliate!
You headbutt the gnoll. You hit the gnoll but do no damage.
You headbutt the gnoll.
The gnoll is almost dead.
The gnoll hits you with a +0 flail!
You die...

......(..#.## #.##†.##..
.#########.# ##.....#### .#####
#..# #..#.### # .....####.##
####..#.# # .###....#†#
#####.......##* # .#
#.)....######...<.###.....#**# .#
#.............#####*..###...## .#
#.....†##....g######..#####.#. ##
#.........###@grgKg#..........
#......#### ######.(...######)
#.......#### #####....# ##..
***#..........####...)....# *#...
,,.....#..#..).....###g...# #..#.
,..........[.......#*#....#*#.##.
,...................##.#.###..*#.
,,.....######..........#.# #.**#.
**##.#.* ##......K.l#.#*#,**#.


You could see 3 gnolls, a goblin, a kobold and a rat.

Vanquished Creatures
  6 adders
  2 oozes
  3 worms (D:2)
  5 leopard geckos
  11 orcs (D:3)
  2 ball pythons
  A giant cockroach (D:3)
  11 goblins
  10 hobgoblins
  13 jackals
  6 kobolds
  A quokka (D:3)
  11 bats
  5 frilled lizards
  A rat (D:1)
88 creatures vanquished.

Notes
Turn   | Place    | Note
-------+----------+-------------------------------------------
     0 | Abyss:1  | B1Gdaddy5 the Minotaur Abyssal Knight began the quest for
                  | the Orb.
     0 | Abyss:1  | Reached XP level 1. HP: 19/19 MP: 1/1
     0 | D:1      | Escaped the Abyss
    96 | D:1      | Reached skill level 4 in Fighting
   103 | D:1      | Reached XP level 2. HP: 23/27 MP: 2/2
   170 | D:1      | Reached * piety under Lugonu
   530 | D:1      | Reached XP level 3. HP: 33/34 MP: 3/3
  1130 | D:2      | Reached XP level 4. HP: 41/41 MP: 4/4
  1258 | D:2      | Reached ** piety under Lugonu
  1592 | D:2      | Reached skill level 5 in Fighting
  1876 | D:3      | Reached XP level 5. HP: 36/48 MP: 5/5
  2013 | D:3      | Reached *** piety under Lugonu
  2377 | D:3      | Slain by a gnoll

Illustrated notes

Levels and vault maps discovered:
D:1:      psy_arrival_spokes, layout_basic, minmay_tree_intersection,
          grunt_decor_mini_mirrors, minmay_pentomino_v4
D:2:      layout_loops_ring, hangedman_abyss_or_decor_lesser_grid,
          kennysheep_flooded_box, minmay_tiny_reverse_x
D:3:      layout_rooms

Skill      XL: |  1  2  3  4  5 |
---------------+----------------+-----
Fighting       | 4 5 |  5.3
Long Blades    | 3 4 |  4.6
Armour         | 3 |  3.1
Dodging        | |  1.7
Stealth        | |  0.4
Unarmed Combat | |  0.1
Invocations    | |  1.9

Action                   |  1- 3 |  4- 6 || total
-------------------------+-------+-------++-------
Melee: Falchion          |    70 |    93 ||   163
       Headbutt          |    10 |    27 ||    37
       Unarmed           |       |    41 ||    41
Invok: Depart the Abyss  |     1 |       ||     1
       Bend Space        |       |     1 ||     1
  Use: Scroll            |       |    11 ||    11
Armor: Ring mail         |    33 |    38 ||    71
       Leather armour    |     5 |       ||     5
Dodge: Dodged            |    64 |    86 ||   150
       Rpst.: Falchion   |    18 |    13 ||    31

Table legend: (Time is in decaauts)
 A = Elapsed time spent in this place.
 B = Non-inter-level travel time spent in this place.
 C = Inter-level travel time spent in this place.
 D = Time resting spent in this place.
 E = Time spent auto-exploring this place.
 F = Levels seen in this place.
 G = Mean time per level.
                   A        B        C        D        E       F      G
               +--------+--------+--------+--------+--------+-----+--------+
         Total |   2395 |   2361 |     34 |    378 |   1119 |   4 |  598.8 |
       Dungeon |   2395 |   2361 |     34 |    378 |   1119 |   3 |  798.3 |
         Abyss |      0 |      0 |      0 |      0 |      0 |   1 |    0.0 |
               +--------+--------+--------+--------+--------+-----+--------+

Top non-repeatable levels by time:
     D:2: 1079 daAuts
     D:1: 768 daAuts
     D:3: 546 daAuts
